 Dungeon Crawl Stone Soup version 0.28-a0-1565-g95a8017c83 (webtiles) character file.

Game seed: 3732801771503590936

949 wilfster70 the Chucker (level 7, 0/50 HPs)
             Began as a Demonspawn Brigand on Jan 19, 2022.
             Was a Priest of Wu Jian.
             Slain by an ice beast (3 damage)
             ... on level 5 of the Dungeon.
             The game lasted 00:11:51 (3703 turns).

wilfster70 the Chucker (Demonspawn Brigand)         Turns: 3703, Time: 00:11:51

Health: 0/50       AC:  5    Str: 11    XL:     7   Next: 89%
Magic:  7/7        EV: 16    Int: 14    God:    Wu Jian [***...]
Gold:   1093       SH: 11    Dex: 15    Spells: 6/6 levels left

rFire   . . .      SeeInvis .   a - +2 dagger
rCold   . . .      Faith    .   x - +2 buckler
rNeg    . . .      Spirit   .   b - +0 robe
rPois   .          Reflect  .   (no helmet)
rElec   .          Harm     .   c - +1 cloak
rCorr   .          Rampage  .   (no gloves)
Will    .....                   y - +0 pair of boots
Stlth   ++........              h - amulet of regeneration
HPRegen 0.96/turn               f - ring of wizardry
MPRegen 0.10/turn               (no ring)

@: agile
A: large bone plates 1, powered by pain 2, demonic touch 2
a: Renounce Religion, Wall Jump, Serpent's Lash


You were on level 5 of the Dungeon.
You worshipped Wu Jian.
Wu Jian was most pleased with you.
You visited 1 branch of the dungeon, and saw 5 of its levels.

You collected 1093 gold pieces.

Inventory:

Hand Weapons
 a - a +2 dagger (weapon)
 l - a +3 hunting sling
 p - the +7 staff of the Meek {protect, meekguard}
   (You found it on level 3 of the Dungeon)

   It grants its wielder temporary protection when it strikes (+7 to AC).
   It provides extra protection to wielders with little health.
Missiles
 d - 12 poisoned darts (quivered)
 m - 25 stones
 u - a curare-tipped dart
Armour
 b - a +0 robe (worn)
 c - a +1 cloak (worn)
 x - a +2 buckler (worn)
 y - a +0 pair of boots (worn)
Jewellery
 f - a ring of wizardry (left hand)
 h - an amulet of regeneration (around neck)
 z - an amulet of magic regeneration
Wands
 s - a wand of mindburst (13)
Scrolls
 r - a scroll of enchant weapon {unknown}
 w - a scroll of fog
Potions
 e - a potion of attraction {unknown}
 g - 2 potions of heal wounds
 i - 2 potions of haste
 j - 2 potions of ambrosia
 k - a potion of curing {unknown}
 n - a potion of invisibility {unknown}
 o - a potion of brilliance {unknown}
 q - 2 potions of magic
 t - a potion of lignification {unknown}
 v - a potion of degeneration {unknown}


   Skills:
 - Level 2.0 Fighting
 - Level 1.7 Short Blades
 - Level 6.0 Throwing
 - Level 4.4 Armour
 - Level 0.8 Dodging
 - Level 3.6 Stealth
 + Level 3.4 Shields


You had 6 spell levels left.
You didn't know any spells.
Your spell library contained the following spells:

 Spells                   Type           Power      Damage    Failure   Level
 Animate Skeleton         Necr           0%         N/A       16%         1
 Apportation              Tloc           0%         N/A       16%         1
 Foxfire                  Conj/Fire      0%         2x1d4     16%         1
 Magic Dart               Conj           0%         1d3       16%         1
 Summon Small Mammal      Summ           0%         N/A       16%         1
 Searing Ray              Conj           0%         2d4       22%         2
 Conjure Flame            Conj/Fire      0%         6-21      41%         3
 Inner Flame              Hex/Fire       0%         N/A       41%         3
 Flame Wave               Conj/Fire      0%         2d4       80%         4
 Fulminant Prism          Conj/Hex       0%         3d6       80%         4


Dungeon Overview and Level Annotations

Branches:
Dungeon (5/15)
 Temple: D:4-7

Altars:
Ashenzari
Elyvilon
Wu Jian


Innate Abilities, Weirdness & Mutations

You are partially covered in large bone plates. (SH +4)
You sometimes gain power by taking damage.
Your touch may inflict irresistible damage on your foes.


Message History

You block the ice beast's attack.
You barely miss the ice beast.
The ice beast is moderately wounded.
The ice beast misses you.
You hit the ice beast but do no damage.
The ice beast is moderately wounded.
The ice beast hits you. The ice beast freezes you!
You hit the ice beast.
The ice beast is heavily wounded.
You block the ice beast's attack.
You hit the ice beast.
The ice beast is heavily wounded.
The ice beast completely misses you.
You barely miss the ice beast.
The ice beast is heavily wounded.
The ice beast hits you.
* * * LOW HITPOINT WARNING * * *
The ice beast freezes you!
* * * LOW HITPOINT WARNING * * *
You hit the ice beast.
The ice beast is severely wounded.
You hit the ice beast.
The ice beast is severely wounded.
You block the ice beast's attack.
You hit the ice beast but do no damage.
The ice beast is severely wounded.
The ice beast completely misses you.
You closely miss the ice beast.
The ice beast is severely wounded.
The ice beast hits you.
* * * LOW HITPOINT WARNING * * *
The ice beast freezes you.
* * * LOW HITPOINT WARNING * * *
You barely miss the ice beast.
The ice beast is severely wounded.
You block the ice beast's attack.
You hit the ice beast but do no damage.
The ice beast is severely wounded.
The ice beast hits you.
You die...

.##........#....#
#..........#.#### ...
..#.########.# #........
##..# #..# #........
....# ##.## #........
...## #..# ###......(.
.### #.## #.........
.#########.######.#......
................@Y...##
.....(................#
......................#
..######.....#........#
.## ...############## .#
..## .# #.# ..# #.#
.##..#


You could see an ice beast.

Vanquished Creatures
  Sigmund (D:4)
  A necrophage (D:5)
  2 ogres
  2 scorpions
  2 centaur zombies
  An orc priest (D:4)
  2 hounds (D:4)
  A scorpion zombie (D:5)
  2 orc wizards (D:4)
  3 gnolls (D:3)
  5 adders
  An adder zombie (D:5)
  An adder skeleton (D:4)
  4 worms
  3 dart slugs
  11 orcs
  9 ball pythons
  6 endoplasms
  2 giant cockroaches (D:2)
  8 goblins
  3 hobgoblins
  4 jackals (D:5)
  4 quokkas
  4 bats
  3 frilled lizards
  9 kobolds
  A quokka skeleton (D:4)
  3 rats (D:2)
98 creatures vanquished.

Vanquished Creatures (others)
  A butterfly (D:4)
1 creature vanquished.

Grand Total: 99 creatures vanquished

Notes
Turn   | Place    | Note
-------+----------+-------------------------------------------
     0 | D:1      | wilfster70 the Demonspawn Brigand began the quest for the
                  | Orb.
     0 | D:1      | Reached XP level 1. HP: 16/16 MP: 1/1
    63 | D:1      | Reached skill level 2 in Throwing
   150 | D:1      | Gained mutation: You sometimes gain a little power by
                  | taking damage. [demonic ancestry]
   150 | D:1      | Reached XP level 2. HP: 19/22 MP: 2/2
   156 | D:1      | Found a faded altar of an unknown god.
   167 | D:1      | Prayed at the altar of an unknown god.
   167 | D:1      | Became a worshipper of the Wu Jian Council
   167 | D:1      | Reached * piety under Wu Jian
   563 | D:1      | Reached skill level 3 in Throwing
  1012 | D:2      | Gained mutation: Your touch may inflict minor irresistible
                  | damage on your foes. [demonic ancestry]
  1012 | D:2      | Reached XP level 3. HP: 27/27 MP: 3/3
  1209 | D:2      | Reached ** piety under Wu Jian
  1613 | D:3      | Found a broken altar of Ashenzari.
  1661 | D:3      | Noticed an ogre
  1688 | D:3      | Reached skill level 4 in Throwing
  1688 | D:3      | Reached XP level 4. HP: 26/33 MP: 4/4
  1724 | D:3      | Killed an ogre
  1725 | D:3      | Gained mutation: Your touch may inflict irresistible damage
                  | on your foes. [demonic ancestry]
  1725 | D:3      | Reached XP level 5. HP: 38/38 MP: 5/5
  1772 | D:3      | Reached skill level 5 in Throwing
  1935 | D:3      | Identified a scroll of acquirement
  1935 | D:3      | Acquired 800 gold pieces
  2030 | D:3      | Found the +7 staff of the Meek {protect, meekguard}
  2303 | D:4      | Noticed Sigmund
  2327 | D:4      | Killed Sigmund
  2328 | D:4      | Reached skill level 6 in Throwing
  2328 | D:4      | Gained mutation: You sometimes gain power by taking damage.
                  | [demonic ancestry]
  2328 | D:4      | Reached XP level 6. HP: 22/44 MP: 6/6
  2533 | D:4      | Reached *** piety under Wu Jian
  2628 | D:4      | Gained mutation: You are partially covered in large bone
                  | plates. (SH +4) [demonic ancestry]
  2628 | D:4      | Reached XP level 7. HP: 44/50 MP: 7/7
  3290 | D:5      | Entered Level 5 of the Dungeon
  3405 | D:5      | Reached skill level 1 in Shields
  3701 | D:5      | HP: 1/50 [ice beast (5)]
  3703 | D:5      | Slain by an ice beast

Illustrated notes

Levels and vault maps discovered:
D:1:      dpeg_arrival_refuge, layout_loops_corners,
          ebering_ecumenical_altar_petrified
D:2:      layout_basic
D:3:      layout_rooms, nicolae_ashenzari_skybound
D:4:      layout_basic, nicolae_elyvilon_peaceful_grove, grunt_decor_resistance,
          uniq_sigmund
D:5:      layout_rooms

Skill      XL: |  1  2  3  4  5  6  7 |
---------------+----------------------+-----
Throwing       | 2 3 4 6 |  6.0
Armour         | 2 3 4 |  4.4
Shields        | 3 |  3.4
Fighting       | |  2.0
Short Blades   | |  1.7
Dodging        | |  0.8
Stealth        | |  3.6

Action                   |  1- 3 |  4- 6 |  7- 9 || total
-------------------------+-------+-------+-------++-------
Melee: Dagger            |   120 |   123 |   174 ||   417
       Touch             |    11 |    19 |     8 ||    38
       Punch             |     3 |     4 |       ||     7
Throw: Dart              |       |     8 |       ||     8
Invok: Lunge             |    18 |    11 |     9 ||    38
       Whirlwind         |    10 |     7 |     2 ||    19
  Use: Scroll            |     4 |     3 |     3 ||    10
 Stab: Sleeping          |    13 |     2 |     6 ||    21
       Distracted        |       |     1 |       ||     1
Armor: Robe              |    23 |    15 |    19 ||    57
Dodge: Dodged            |    43 |    54 |    54 ||   151
Block: Buckler           |       |       |    69 ||    69
       Other             |       |       |     7 ||     7

Table legend: (Time is in decaauts)
 A = Elapsed time spent in this place.
 B = Non-inter-level travel time spent in this place.
 C = Inter-level travel time spent in this place.
 D = Time resting spent in this place.
 E = Time spent auto-exploring this place.
 F = Levels seen in this place.
 G = Mean time per level.
                   A        B        C        D        E       F      G
               +--------+--------+--------+--------+--------+-----+--------+
         Total |   3678 |   3517 |    161 |     79 |   1802 |   5 |  735.6 |
       Dungeon |   3678 |   3517 |    161 |     79 |   1802 |   5 |  735.6 |
               +--------+--------+--------+--------+--------+-----+--------+

Top non-repeatable levels by time:
     D:1: 1001 daAuts
     D:4: 999 daAuts
     D:3: 731 daAuts
     D:2: 539 daAuts
     D:5: 407 daAuts
